 Dungeon Crawl Stone Soup version 0.30-a0-377-g5cb311bc9f (webtiles) character file.

Game seed: 2427303947236970064

457 qeuew the Trooper (level 7, 0/61 HPs)
             Began as a Hill Orc Fighter on Nov 28, 2022.
             Splashed by a jelly's acid (5 damage)
             ... on level 5 of the Dungeon.
             The game lasted 00:06:49 (3203 turns).

qeuew the Trooper (Hill Orc Fighter)                Turns: 3203, Time: 00:06:50

Health: 0/61       AC:  8    Str: 19    XL:     7   Next: 6%
Magic:  7/7        EV: 10    Int:  8    God:
Gold:   197        SH:  5    Dex: 12    Spells: 6/6 levels left

rFire   . . .      SeeInvis +    a - +1 war axe (venom)
rCold   . . .      Faith    .    c - +0 buckler
rNeg    . . .      Spirit   .    b - +1 scale mail
rPois   .          Reflect  .    (no helmet)
rElec   .          Harm     .    (no cloak)
rCorr   .          Rampage  .    (no gloves)
Will    .....                    (no boots)
Stlth   +.........               (no amulet)
HPRegen 0.30/turn                i - ring of flight
MPRegen 0.10/turn                h - ring of see invisible

@: mighty, lethally poisoned (0 -> -3), flying
A: thin skeletal structure 1, weak 1
a: no special abilities


You were on level 5 of the Dungeon.
You visited 1 branch of the dungeon, and saw 5 of its levels.

You collected 197 gold pieces.

Inventory:

Hand Weapons
 a - a +1 war axe of venom (weapon)
Armour
 b - a +1 scale mail (worn)
 c - a +0 buckler (worn)
Jewellery
 f - a ring of poison resistance
 h - a ring of see invisible (right hand)
 i - a ring of flight (left hand)
Wands
 n - a wand of acid (7)
Potions
 e - a potion of flight
 g - 2 potions of brilliance


   Skills:
 + Level 5.1 Fighting
 + Level 4.9 Axes
 + Level 4.7 Armour
 + Level 2.3 Dodging
 + Level 4.7 Shields
 + Level 0.6 Evocations


You had 6 spell levels left.
You didn't know any spells.
Your spell library was empty.

Dungeon Overview and Level Annotations

Branches:
Dungeon (5/15)
 Temple: D:4-7

Altars:

Shops:
D:1 (


Innate Abilities, Weirdness & Mutations

You have a somewhat thin skeletal structure. (Dex +2, Stealth+)
You are weak. (Str -2)


Message History

The scorpion stings you but does no damage.
The ufetubus barely misses you.
The ufetubus hits you but does no damage.
Unknown command.
You slash the scorpion!
The scorpion is poisoned.
The scorpion is heavily wounded.
You hit the ufetubus.
The ufetubus is poisoned.
You block the ufetubus's attack.
The ufetubus hits you but does no damage.
The scorpion stings you but does no damage.
You block the ufetubus's attack. The ufetubus closely misses you.
The scorpion stings you.
You are poisoned.
The scorpion poisons you! The ufetubus attacks as you move away!
The ufetubus hits you but does no damage. x2
You feel very sick. The ufetubus attacks as you move away!
The ufetubus hits you.
The ufetubus hits you but does no damage.
You feel sick.
You kill the scorpion!
The ufetubus hits you but does no damage.
The ufetubus barely misses you.
You have reached level 7!
There is a stone staircase leading up here.
You closely miss the ufetubus.
The ufetubus is heavily wounded.
You hit the jelly.
Your hands burn!
* * * LOW HITPOINT WARNING * * *
You feel sick. The ufetubus closely misses you.
You block the ufetubus's attack. The jelly closely misses you.
The ufetubus hits you but does no damage.
The ufetubus barely misses you. You block the jelly's attack.
You feel very mighty all of a sudden.
You feel sick. The ufetubus hits you.
* * * LOW HITPOINT WARNING * * *
You block the ufetubus's attack. The jelly hits you but does no damage.
Unknown command.
You hit the jelly.
Your hands burn!
You die...

# ## #.###.
......#####
#...5@.#
#...J..#
#........#
...........#
..###......#
# #....!.#
....?..#
#........
.....#####


You could see a jelly and an ufetubus (poisoned).

Vanquished Creatures
  An ogre (D:4)
  A necrophage (D:3)
  2 scorpions
  An orc priest (D:3)
  3 iguanas (D:4)
  An adder (D:2)
  A white imp (D:3)
  A worm (D:3)
  A dart slug (D:4)
  3 orcs (D:3)
  10 ball pythons
  4 endoplasms
  2 giant cockroaches
  8 goblins
  8 hobgoblins
  2 jackals (D:1)
  4 quokkas
  3 bats
  5 frilled lizards
  8 kobolds
  6 rats
75 creatures vanquished.

Vanquished Creatures (others)
  5 plants (D:4)
5 creatures vanquished.

Grand Total: 80 creatures vanquished

Notes
Turn   | Place    | Note
-------+----------+-------------------------------------------
     0 | D:1      | qeuew the Hill Orc Fighter began the quest for the Orb.
     0 | D:1      | Reached XP level 1. HP: 19/19 MP: 1/1
   105 | D:1      | Found Emeuguul's Weapon Shoppe.
   147 | D:1      | Reached XP level 2. HP: 27/27 MP: 2/2
   885 | D:1      | Found a faded altar of an unknown god.
  1083 | D:2      | Reached XP level 3. HP: 33/33 MP: 3/3
  1128 | D:2      | Reached skill level 4 in Fighting
  1406 | D:2      | Reached skill level 1 in Dodging
  1601 | D:3      | Reached XP level 4. HP: 24/40 MP: 4/4
  1691 | D:3      | Noticed a necrophage
  1702 | D:3      | Killed a necrophage
  1703 | D:3      | Reached XP level 5. HP: 32/47 MP: 5/5
  2279 | D:4      | Reached XP level 6. HP: 44/53 MP: 6/6
  2419 | D:4      | Reached skill level 5 in Fighting
  3177 | D:4      | Gained mutation: You are weak. (Str -2) [potion of
                  | mutation]
  3177 | D:4      | Gained mutation: You have a somewhat thin skeletal
                  | structure. (Dex +2, Stealth+) [potion of mutation]
  3189 | D:5      | Entered Level 5 of the Dungeon
  3201 | D:5      | Reached XP level 7. HP: 16/61 MP: 7/7
  3203 | D:5      | Splashed by a jelly's acid

Illustrated notes

Levels and vault maps discovered:
D:1:      roderic_chinese_lattice_arrival, layout_loops_ring, serial_shops,
          nicolae_shop_trees, shapermc_ecumenical_altar_mp_vishouse,
          nicolae_concentric_dashed_squares_mild
D:2:      layout_basic
D:3:      layout_rooms, kennysheep_generic_room_13
D:4:      layout_loops_cross, serial_bayou, serial_bayou_crossing,
          serial_bayou_pond_a, serial_bayou_shore_b, serial_bayou_shore_b,
          minmay_pentomino_pile
D:5:      layout_rooms, tso_oasis_becter, overflow_temple_1_default,
          nicolae_kikubaaqudgha_miasma_corner,
          nicolae_uskayaw_murder_on_the_dancefloor, minmay_temple_entry_waves

Skill      XL: |  1  2  3  4  5  6 |
---------------+-------------------+-----
Axes           | 3 4 |  4.9
Fighting       | 4 5 |  5.1
Dodging        | 1 2 |  2.3
Armour         | 4 |  4.7
Shields        | 4 |  4.7
Evocations     | |  0.6

Action                   |  1- 3 |  4- 6 |  7- 9 || total
-------------------------+-------+-------+-------++-------
Melee: War axe           |   122 |    99 |     2 ||   223
  Use: Potion            |     5 |     2 |     1 ||     8
       Scroll            |     5 |     7 |       ||    12
Armor: Scale mail        |    60 |    50 |     2 ||   112
Dodge: Dodged            |    57 |    44 |     3 ||   104
Block: Buckler           |    23 |    28 |     3 ||    54

Table legend: (Time is in decaauts)
 A = Elapsed time spent in this place.
 B = Non-inter-level travel time spent in this place.
 C = Inter-level travel time spent in this place.
 D = Time resting spent in this place.
 E = Time spent auto-exploring this place.
 F = Levels seen in this place.
 G = Mean time per level.
                   A        B        C        D        E       F      G
               +--------+--------+--------+--------+--------+-----+--------+
         Total |   3283 |   3112 |    171 |      0 |   2562 |   5 |  656.6 |
       Dungeon |   3283 |   3112 |    171 |      0 |   2562 |   5 |  656.6 |
               +--------+--------+--------+--------+--------+-----+--------+

Top non-repeatable levels by time:
     D:1: 1074 daAuts
     D:4: 943 daAuts
     D:3: 701 daAuts
     D:2: 548 daAuts
     D:5: 16 daAuts
